PCL
MILE HIGH BRONCOS @ GRESHAM GOLD SOULS
07/20/2028
 
TOP OF THE 1ST
Mile High Broncos batting - Pitching for Gresham Gold Souls : RHP Jamal Clayton
Pitching: RHP Jamal Clayton
Batting: LHB Ernesto López 0-0: Called Strike
0-1: Called Strike
0-2: Fly out, F7 (Flyball, 7LS)
Batting: RHB Evan Robinson 0-0: Ground out 6-3 (Groundball, 6)
Batting: LHB Dave Cook 0-0: Called Strike
0-1: Ball
1-1: Ball
2-1: Ball
3-1: Base on Balls
Batting: RHB David Moran 0-0: DOUBLE (Line Drive, 9LM)
Dave Cook to third
Batting: RHB António Martínez 0-0: Ground out 6-3 (Groundball, 6)
Top of the 1st over - 0 run(s), 1 hit(s), 0 error(s), 2 left on base; Mile High 0 - Gresham 0
BOTTOM OF THE 1ST
Gresham Gold Souls batting - Pitching for Mile High Broncos : LHP Phil Forbes
Pitching: LHP Phil Forbes
Batting: LHB Nick Scott 0-0: Ball
1-0: Ball
2-0: Ball
3-0: Base on Balls
Batting: SHB Sean Carr 0-0: Grounds into double play, 6-4-3 (Groundball, 6)
Batting: RHB Mario Méndez 0-0: Called Strike
0-1: Foul Ball, location: 2F
0-2: Ball
1-2: Ball
2-2: Foul Ball, location: 2F
2-2: Foul Ball, location: 2F
2-2: Ball
3-2: Base on Balls
Batting: LHB Chance Santry 0-0: Ball
1-0: Ball
2-0: SINGLE (Groundball, 56D)
Mario Méndez to second
Batting: RHB Willie Houk 0-0: Swinging Strike
0-1: Ball
1-1: Ball
Balk!
Mario Méndez to third
Chance Santry to second
2-1: Ball
3-1: Base on Balls
Batting: SHB Jesús Sosa 0-0: Ball
1-0: Called Strike
1-1: Fly out, F5 (Line Drive, 5L)
Bottom of the 1st over - 0 run(s), 1 hit(s), 0 error(s), 3 left on base; Mile High 0 - Gresham 0
TOP OF THE 2ND
Mile High Broncos batting - Pitching for Gresham Gold Souls : RHP Jamal Clayton
Batting: RHB Jeff Packard 0-0: Ball
1-0: Ball
2-0: Fly out, F8 (Flyball, 89S)
Batting: SHB Keith Shaffer 0-0: Ground out 6-3 (Groundball, 6M)
Batting: LHB Tony Báez 0-0: DOUBLE (Flyball, 78XD)
Batting: RHB Edward Williams 0-0: Called Strike
0-1: Swinging Strike
0-2: Ball
1-2: Ball
2-2: Fly out, F6 (Line Drive, 6)
Top of the 2nd over - 0 run(s), 1 hit(s), 0 error(s), 1 left on base; Mile High 0 - Gresham 0
BOTTOM OF THE 2ND
Gresham Gold Souls batting - Pitching for Mile High Broncos : LHP Phil Forbes
Batting: RHB Luke McIndoe 0-0: Swinging Strike
0-1: DOUBLE (Line Drive, 7LD)
Batting: RHB Gustavo Pagán 0-0: Called Strike
0-1: Called Strike
0-2: Strikes out swinging
Batting: RHB Augusto Baiano 0-0: Ball
1-0: Ball
2-0: Reached on error, E6 (Groundball, 6)
Luke McIndoe to third
Batting: LHB Nick Scott 0-0: Foul Ball, location: 2F
0-1: Ball
1-1: Called Strike
1-2: Foul Ball, location: 2F
1-2: SINGLE (Groundball, 34D)
Luke McIndoe scores
Augusto Baiano to second
Runner from 2nd tries for 3rd, SAFE, throw made to third
Batting: SHB Sean Carr 0-0: Ball
1-0: Ball
Nick Scott is caught stealing 2nd base
2-0: Called Strike
2-1: Called Strike
2-2: SINGLE (Line Drive, 4MD)
Augusto Baiano scores
Batting: RHB Mario Méndez 0-0: Foul Ball, location: 2F
0-1: Foul Ball, location: 2F
0-2: Foul Ball, location: 2F
0-2: Ground out U3 (Groundball, 3S)
Bottom of the 2nd over - 2 run(s), 3 hit(s), 1 error(s), 1 left on base; Mile High 0 - Gresham 2
TOP OF THE 3RD
Mile High Broncos batting - Pitching for Gresham Gold Souls : RHP Jamal Clayton
Batting: LHB Ernesto López 0-0: Ball
1-0: Foul Ball, location: 2F
1-1: Ball
2-1: Fly out, F8 (Flyball, 8LXD)
Batting: RHB Evan Robinson 0-0: Ball
1-0: Foul Ball, location: 2F
1-1: Ground out 6-3 (Groundball, 6)
Batting: LHB Dave Cook 0-0: Foul Ball, location: 2F
0-1: SINGLE (Line Drive, 4D)
Batting: RHB David Moran 0-0: Called Strike
0-1: Called Strike
0-2: Strikes out swinging
Top of the 3rd over - 0 run(s), 1 hit(s), 0 error(s), 1 left on base; Mile High 0 - Gresham 2
BOTTOM OF THE 3RD
Gresham Gold Souls batting - Pitching for Mile High Broncos : LHP Phil Forbes
Batting: LHB Chance Santry 0-0: Foul Ball, location: 2F
0-1: Swinging Strike
0-2: Ball
1-2: Foul Ball, location: 2F
1-2: SINGLE (Line Drive, 34D)
Batting: RHB Willie Houk 0-0: Ball
1-0: Ball
2-0: Called Strike
2-1: Fielders Choice at 2nd, 6-4 (Groundball, 6)
Batting: SHB Jesús Sosa 0-0: Ball
1-0: Ground out 4-3 (Groundball, 4S)
Willie Houk to second
Batting: RHB Luke McIndoe 0-0: Ball
1-0: SINGLE (Groundball, 6MD)
Willie Houk to third
Runner from 3rd tries for Home, throw and OUT!
Bottom of the 3rd over - 0 run(s), 2 hit(s), 0 error(s), 1 left on base; Mile High 0 - Gresham 2
TOP OF THE 4TH
Mile High Broncos batting - Pitching for Gresham Gold Souls : RHP Jamal Clayton
Batting: RHB António Martínez 0-0: Ball
1-0: Called Strike
1-1: Called Strike
1-2: Fly out, F9 (Flyball, 9S)
Batting: RHB Jeff Packard 0-0: Ball
1-0: Swinging Strike
1-1: Ball
2-1: Fly out, F6 (Popup, 56D)
Batting: SHB Keith Shaffer 0-0: Called Strike
0-1: Ground out 4-3 (Groundball, 4)
Top of the 4th over - 0 run(s), 0 hit(s), 0 error(s), 0 left on base; Mile High 0 - Gresham 2
BOTTOM OF THE 4TH
Gresham Gold Souls batting - Pitching for Mile High Broncos : LHP Phil Forbes
Batting: RHB Gustavo Pagán 0-0: Fly out, F4 (Line Drive, 4)
Batting: RHB Augusto Baiano 0-0: Fly out, F8 (Line Drive, 78D)
Batting: LHB Nick Scott 0-0: Ball
1-0: Ball
2-0: Foul Ball, location: 2F
2-1: Fly out, F6 (Popup, 6)
Bottom of the 4th over - 0 run(s), 0 hit(s), 0 error(s), 0 left on base; Mile High 0 - Gresham 2
TOP OF THE 5TH
Mile High Broncos batting - Pitching for Gresham Gold Souls : RHP Jamal Clayton
Batting: LHB Tony Báez 0-0: Called Strike
0-1: Fly out, F7 (Flyball, 78M)
Batting: RHB Edward Williams 0-0: Ball
1-0: Ball
2-0: Called Strike
2-1: Foul Ball, location: 2F
2-2: Ground out 6-3 (Groundball, 6)
Batting: LHB Ernesto López 0-0: Foul Ball, location: 2F
0-1: Ball
1-1: Ball
2-1: Ball
3-1: Ground out 4-3 (Groundball, 34)
Top of the 5th over - 0 run(s), 0 hit(s), 0 error(s), 0 left on base; Mile High 0 - Gresham 2
BOTTOM OF THE 5TH
Gresham Gold Souls batting - Pitching for Mile High Broncos : LHP Phil Forbes
Batting: SHB Sean Carr 0-0: Ball
1-0: Foul Ball, location: 2F
1-1: Ball
2-1: Ball
3-1: Base on Balls
Batting: RHB Mario Méndez 0-0: Ground out 5-3 (Groundball, 56S)
Sean Carr to second
Batting: LHB Chance Santry 0-0: Called Strike
0-1: Fly out, F8 (Flyball, 78D)
Batting: RHB Willie Houk 0-0: Ball
1-0: Foul Ball, location: 2F
1-1: SINGLE (Line Drive, 4D)
Sean Carr to third
Runner from 3rd tries for Home, SAFE, no throw
Batting: SHB Jesús Sosa 0-0: Called Strike
0-1: Ball
1-1: Swinging Strike
1-2: Foul Ball, location: 2F
1-2: Foul Ball, location: 2F
1-2: Ball
2-2: Ball
3-2: Base on Balls
Willie Houk to second
Batting: RHB Luke McIndoe 0-0: Ball
1-0: Reached on error, E6 (Groundball, 6)
Willie Houk to third
Jesús Sosa to second
Batting: RHB Gustavo Pagán 0-0: Ball
1-0: Called Strike
1-1: Ball
2-1: Ball
3-1: Base on Balls
Willie Houk scores
Jesús Sosa to third
Luke McIndoe to second
Batting: RHB Augusto Baiano 0-0: SINGLE (Groundball, 6MD)
Jesús Sosa scores
Luke McIndoe to third
Gustavo Pagán to second
Runner from 3rd tries for Home, SAFE, no throw
Batting: LHB Nick Scott 0-0: Swinging Strike
0-1: Ball
1-1: Foul Ball, location: 2F
1-2: Ball
2-2: Ball
3-2: Ground out 5-3 (Groundball, 56)
Bottom of the 5th over - 4 run(s), 2 hit(s), 1 error(s), 2 left on base; Mile High 0 - Gresham 6
TOP OF THE 6TH
Mile High Broncos batting - Pitching for Gresham Gold Souls : RHP Jamal Clayton
Batting: RHB Evan Robinson 0-0: Foul Ball, location: 2F
0-1: Foul Ball, location: 2F
0-2: Strikes out looking
Batting: LHB Dave Cook 0-0: Swinging Strike
0-1: Ball
1-1: Called Strike
1-2: Ball
2-2: Strikes out swinging
Batting: RHB David Moran 0-0: Called Strike
0-1: Ball
1-1: Swinging Strike
1-2: Foul Ball, location: 2F
1-2: Foul Ball, location: 2F
1-2: Ball
2-2: Ball
3-2: Foul Ball, location: 2F
3-2: Fly out, F4 (Popup, 34S)
Top of the 6th over - 0 run(s), 0 hit(s), 0 error(s), 0 left on base; Mile High 0 - Gresham 6
BOTTOM OF THE 6TH
Gresham Gold Souls batting - Pitching for Mile High Broncos : LHP Phil Forbes
Batting: SHB Sean Carr 0-0: Called Strike
0-1: Ball
1-1: Called Strike
1-2: Ball
2-2: SINGLE (Line Drive, 78S)
Pitching: RHP José García
Batting: RHB Mario Méndez 0-0: Ball
1-0: Ball
2-0: Ball
Sean Carr steals 2nd base
3-0: Base on Balls
Batting: LHB Chance Santry 0-0: Ball
1-0: Ball
2-0: Called Strike
2-1: Called Strike
2-2: Foul Ball, location: 2F
2-2: Ball
3-2: Foul Ball, location: 2F
3-2: Ground out 1-3 (Groundball, 13S)
Sean Carr to third
Mario Méndez to second
Pitching: LHP Jorge García
Batting: RHB Willie Houk 0-0: Called Strike
0-1: Called Strike
0-2: Fly out, F5 (Popup, 56)
Batting: SHB Jesús Sosa 0-0: Foul Ball, location: 2F
0-1: Ball
1-1: DOUBLE (Groundball, 5L)
Sean Carr scores
Mario Méndez scores
Batting: RHB Luke McIndoe 0-0: SINGLE (Groundball, 6MD)
Jesús Sosa to third
Runner from 3rd tries for Home, SAFE, no throw
Batting: RHB Gustavo Pagán 0-0: Swinging Strike
0-1: Ball
1-1: SINGLE (Groundball, 56D)
Luke McIndoe to second
Batting: RHB Augusto Baiano 0-0: SINGLE (Groundball, 6D)
Luke McIndoe to third
Gustavo Pagán to second
Runner from 3rd tries for Home, SAFE, throw made home
Gustavo Pagán to third
Augusto Baiano to second
Batting: LHB Nick Scott 0-0: Foul Ball, location: 2F
0-1: 3-RUN HOME RUN (Flyball, 9D), Distance : 397 ft
Pitching: RHP Pedro Martínez
Batting: SHB Sean Carr 0-0: Fly out, F7 (Flyball, 7D)
Bottom of the 6th over - 7 run(s), 6 hit(s), 0 error(s), 0 left on base; Mile High 0 - Gresham 13
TOP OF THE 7TH
Mile High Broncos batting - Pitching for Gresham Gold Souls : RHP Jamal Clayton
Batting: RHB António Martínez 0-0: Fly out, F1 (Line Drive, 13)
Pinch Hitting: SHB Paco Martínez 0-0: Called Strike
0-1: Ball
1-1: SINGLE (Line Drive, 8LS)
Batting: SHB Keith Shaffer 0-0: Called Strike
0-1: Foul Ball, location: 2F
0-2: Ball
1-2: SINGLE (Flyball, 8LS)
Paco Martínez to second
Batting: LHB Tony Báez 0-0: Foul Ball, location: 2F
0-1: Called Strike
0-2: Ground out U3 (Groundball, 34S)
Paco Martínez to third
Keith Shaffer to second
Batting: RHB Edward Williams 0-0: Ball
1-0: Swinging Strike
1-1: Called Strike
1-2: Fly out, F8 (Flyball, 8RM)
Top of the 7th over - 0 run(s), 2 hit(s), 0 error(s), 2 left on base; Mile High 0 - Gresham 13
BOTTOM OF THE 7TH
Gresham Gold Souls batting - Pitching for Mile High Broncos : RHP Pedro Martínez
Now in CF: José Darias
Batting: RHB Mario Méndez 0-0: Called Strike
0-1: Foul Ball, location: 2F
0-2: Ground out 4-3 (Groundball, 4)
Batting: LHB Chance Santry 0-0: Foul Ball, location: 2F
0-1: Ball
1-1: Swinging Strike
1-2: Ball
2-2: Ball
3-2: Base on Balls
Batting: RHB Willie Houk 0-0: Grounds into double play, 6-4-3 (Groundball, 6)
Bottom of the 7th over - 0 run(s), 0 hit(s), 0 error(s), 0 left on base; Mile High 0 - Gresham 13
TOP OF THE 8TH
Mile High Broncos batting - Pitching for Gresham Gold Souls : RHP Jamal Clayton
Batting: LHB Ernesto López 0-0: Ball
1-0: Single, Error in OF, E7, batter to second base
Batting: RHB Evan Robinson 0-0: Foul Ball, location: 2F
0-1: Ball
1-1: Ball
2-1: SINGLE (Groundball, 56D)
Ernesto López to third
Batting: LHB Dave Cook 0-0: Called Strike
0-1: Called Strike
0-2: Ball
1-2: Foul Ball, location: 2F
1-2: Strikes out swinging
Pinch Hitting: RHB Su-kweon Yu 0-0: Ball
1-0: Foul Ball, location: 2F
1-1: Called Strike
1-2: Strikes out swinging
Pitching: RHP Robbie O'Neil
Batting: RHB António Martínez 0-0: Ball
1-0: Swinging Strike
1-1: Foul Ball, location: 2F
1-2: Foul Ball, location: 2F
1-2: Ball
2-2: Ball
3-2: Foul Ball, location: 2F
3-2: Strikes out looking
Top of the 8th over - 0 run(s), 2 hit(s), 1 error(s), 2 left on base; Mile High 0 - Gresham 13
BOTTOM OF THE 8TH
Gresham Gold Souls batting - Pitching for Mile High Broncos : RHP Pedro Martínez
Now at 3B: Bo Vickers
Batting: SHB Jesús Sosa 0-0: Ball
1-0: Ball
2-0: Ball
3-0: Called Strike
3-1: Base on Balls
Batting: RHB Luke McIndoe 0-0: Ball
1-0: Ball
2-0: Ball
3-0: Grounds into double play, 5-4-3 (Groundball, 56)
Pinch Hitting: SHB Todd Smith 0-0: DOUBLE (Line Drive, 89M)
Batting: RHB Augusto Baiano 0-0: Ball
1-0: Ball
2-0: SINGLE (Groundball, 56D)
Todd Smith to third
Runner from 3rd tries for Home, SAFE, no throw
Pinch Hitting: LHB Bill Smith 0-0: Ball
1-0: Ball
2-0: Foul Ball, location: 2F
2-1: Ball
3-1: Called Strike
3-2: DOUBLE (Line Drive, 8LD)
Augusto Baiano to third
Augusto Baiano scores
Batting: SHB Sean Carr 0-0: Called Strike
0-1: Ball
1-1: Ball
2-1: Ball
3-1: Foul Ball, location: 2F
3-2: Foul Ball, location: 2F
3-2: SINGLE (Line Drive, 8LS)
Bill Smith to third
Bill Smith scores
Pitching: RHP Enrique Bermúdez
Batting: RHB Mario Méndez 0-0: Ball
1-0: Ball
2-0: Foul Ball, location: 2F
2-1: SINGLE (Line Drive, 56)
Sean Carr to second
Batting: LHB Chance Santry 0-0: Ball
1-0: Fly out, F9 (Flyball, 89S)
Bottom of the 8th over - 3 run(s), 5 hit(s), 0 error(s), 2 left on base; Mile High 0 - Gresham 16
TOP OF THE 9TH
Mile High Broncos batting - Pitching for Gresham Gold Souls : RHP José González
Pitching: RHP José González
Now in LF: Anthony Wells
Now in RF: Bill Smith
Batting: RHB José Darias 0-0: Ball
1-0: Called Strike
1-1: Fly out, F4 (Line Drive, 4)
Batting: SHB Keith Shaffer 0-0: SINGLE (Line Drive, 56)
Batting: LHB Tony Báez 0-0: Swinging Strike
0-1: Called Strike
0-2: Strikes out swinging
Batting: RHB Edward Williams 0-0: Fielders Choice at 2nd, 6-4 (Groundball, 56)
Top of the 9th over - 0 run(s), 1 hit(s), 0 error(s), 0 left on base; Mile High 0 - Gresham 16
Tuesday, August 8th, 2017 - OOTP Baseball 17.12 Build 75